 Dungeon Crawl Stone Soup version 0.18.1-47-g9310371 (webtiles) character file.

119 ikselatri the Shooter (level 4, 0/30 HPs)
             Began as a High Elf Hunter on June 16, 2016.
             Slain by an adder (5 damage)
             ... on level 3 of the Dungeon.
             The game lasted 00:18:35 (3056 turns).

ikselatri the Shooter (High Elf Hunter)             Turns: 3056, Time: 00:18:35

Health: 0/30       AC:  3    Str: 15    XL:     4   Next: 74%
Magic:  5/5        EV: 13    Int: 15    God:
Gold:   126        SH:  0    Dex: 16    Spells: 0 memorised, 3 levels left

rFire  . . .     SeeInvis .     u - +2 dagger (venom)
rCold  + . .     Gourm    .     c - +0 leather armour
rNeg   . . .     Faith    .     (no shield)
rPois  .         Spirit   .     (no helmet)
rElec  .         Dismiss  .     (no cloak)
rCorr  .         Reflect  .     (no gloves)
SustAt .         Harm     .     (no boots)
MR     .....                    (no amulet)
Stlth  ++........               m - ring of protection from cold
                                l - +4 ring of strength

@: lethally poisoned (0 -> -3), not resistant to hostile enchantments,
unstealthy
A: no striking features
a: no special abilities


You were on level 3 of the Dungeon.
You were not hungry.

You visited 1 branch of the dungeon, and saw 3 of its levels.

You collected 126 gold pieces.

Inventory:

Hand Weapons
 a - a +1 shortbow
 b - a +0 short sword
 u - a +2 dagger of venom (weapon)
Missiles
 d - 43 arrows (quivered)
 k - 40 bolts
Armour
 c - a +0 leather armour (worn)
Magical Staves
 v - an uncursed staff of conjuration {unknown}
Jewellery
 l - a +4 ring of strength (left hand)
 m - a ring of protection from cold (right hand)
Wands
 x - a wand of polymorph (4/24)
Scrolls
 e - a scroll of amnesia {unknown}
 i - 5 scrolls of identify {unknown}
 j - a scroll of remove curse {unknown}
 o - a scroll of random uselessness {unknown}
 q - 2 scrolls of fog {unknown}
Potions
 g - a potion of flight {unknown}
 h - 2 potions of heal wounds {unknown}
 r - 2 potions of haste {unknown}
 s - a potion of brilliance {unknown}
 w - a potion of resistance {unknown}
Comestibles
 f - 4 bread rations
 n - a meat ration
 p - a chunk of flesh
 t - a beef jerky


   Skills:
 + Level 2.6 Fighting
 + Level 6.3 Bows
 + Level 3.2 Dodging
 + Level 3.0 Stealth


You had 3 spell levels left.
You didn't know any spells.

Dungeon Overview and Level Annotations

Branches:
Dungeon (3/15)

Altars:
Zin


Message History

Your leather armour prevents you from hitting the adder.
The adder is heavily wounded.
You feel sick. The adder closely misses you.
The gnoll hits you from afar with a spear.
You hit the adder.
The adder is severely wounded.
The adder misses you.
The gnoll hits you from afar with a spear.
You hit the adder.
The adder is almost dead.
The adder bites you but does no damage. The gnoll barely misses you.
The adder barely misses you.
You hit the adder.
The adder is almost dead.
You feel sick.
The gnoll hits you from afar with a spear.
* * * LOW HITPOINT WARNING * * *
The adder barely misses you.
You feel sick. The adder bites you.
You die...

#.........# #
###.<.......# #
#..).....#'## #
#............ ..#
#..(....###.#. ....
#.......# . ....
##########....#
....
#.............####.
....
#...$.gS@.........#
....
#...%.......#.###.#
....
#...........#.#
....
#....)......#..
.............#..(
.............#.#.
.............#.#..
.............#
...............


You could see a gnoll and an adder.

Vanquished Creatures
  2 gnolls (D:3)
  2 adders (D:2)
  3 oozes
  3 dart slugs
  2 giant geckos
  5 giant cockroaches
  6 goblins
  13 hobgoblins
  2 jackals (D:2)
  9 kobolds
  4 bats (D:1)
  A giant newt (D:2)
  6 rats
58 creatures vanquished.

Notes
Turn   | Place    | Note
--------------------------------------------------------------
     0 | D:1      | ikselatri the High Elf Hunter began the quest for the Orb.
     0 | D:1      | Reached XP level 1. HP: 14/14 MP: 2/2
   464 | D:1      | Reached XP level 2. HP: 13/19 MP: 3/3
  1065 | D:1      | Reached XP level 3. HP: 24/24 MP: 4/4
  1460 | D:1      | Reached skill level 6 in Bows
  2327 | D:2      | Reached XP level 4. HP: 20/30 MP: 5/5
  2882 | D:2      | Found a glowing silver altar of Zin.
  3056 | D:3      | Slain by an adder

Skill      XL: |  1  2  3  4 |
---------------+-------------+-----
Stealth        | 2 3 |  3.0
Bows           | 6 |  6.3
Dodging        | 3 |  3.2
Fighting       | |  2.6

Action                   |  1- 3 |  4- 6 || total
-------------------------+-------+-------++-------
Melee: Short sword       |   211 |    12 ||   223
       Dagger            |       |    32 ||    32
 Stab: Sleeping          |       |     2 ||     2
  Eat: Chunk             |     5 |     2 ||     7
Armor: Leather armour    |    51 |     3 ||    54
Dodge: Dodged            |   139 |    35 ||   174
